 Dungeon Crawl Stone Soup version 0.21.1-1-g345015f (webtiles) character file.

10315 vatarom the Cruncher (level 11, -1/89 HPs)
             Began as a Demonspawn Gladiator on May 2, 2018.
             Was an Elder of Yredelemnul.
             Slain by an apocalypse crab (3 damage)
             ... on level 2 of the Abyss.
             The game lasted 00:20:59 (10425 turns).

vatarom the Cruncher (Demonspawn Gladiator)        Turns: 10425, Time: 00:21:00

Health: -1/89      AC: 21    Str: 15    XL:     11   Next: 34%
Magic:  0/18       EV: 10    Int: 12    God:    Yredelemnul [****..]
Gold:   346        SH:  0    Dex: 15    Spells: 10/10 levels left

rFire    + . .     SeeInvis +   a - +0 quarterstaff
rCold    + . .     Gourm    .   (shield currently unavailable)
rNeg     . . .     Faith    .   E - +4 chain mail of Past Mistakes {rPois}
rPois    +         Spirit   .   c - +0 helmet
rElec    .         Reflect  .   F - scarf {rC+ rF+}
rCorr    .         Harm     .   K - +2 pair of gloves
MR       .....                  w - +0 pair of boots
Stlth    ..........             u - amulet of regeneration
HPRegen  0.64/turn              v - +2 ring of evasion
MPRegen  0.16/turn              z - ring of see invisible

@: no status effects
A: thin metallic scales 1, powered by death 1, spiny 2
a: Recall Undead Slaves, Injury Mirror, Animate Dead, Drain Life, Renounce
Religion


You were on level 2 of the Abyss.
You worshipped Yredelemnul.
Yredelemnul was greatly pleased with you.
You were not hungry.

You visited 2 branches of the dungeon, and saw 13 of its levels.
You visited the Abyss 1 time.

You collected 520 gold pieces.
You spent 174 gold pieces at shops.

Inventory:

Hand Weapons
 a - a +0 quarterstaff (weapon)
Armour
 c - a +0 helmet (worn)
 w - a +0 pair of boots (worn)
 E - the +4 chain mail of Past Mistakes (worn) {rPois}
   (You found it on level 9 of the Dungeon)

   It protects you from poison.
 F - a scarf of resistance (worn)
 K - a +2 pair of gloves (worn)
Jewellery
 r - an uncursed ring of magical power
 u - an amulet of regeneration (around neck)
 v - a +2 ring of evasion (left hand)
 z - a ring of see invisible (right hand)
 H - an uncursed amulet of magic regeneration {unknown}
Wands
 g - a wand of polymorph (24)
 o - a wand of enslavement (16)
 p - a wand of random effects (28)
 y - a wand of iceblast (14)
 I - a wand of flame (18)
 M - a wand of paralysis (21)
Scrolls
 d - a scroll of acquirement {unknown}
 h - 3 scrolls of amnesia
 k - 3 scrolls of fog
 l - 4 scrolls of teleportation
 t - 3 scrolls of magic mapping
 x - a scroll of enchant weapon {unknown}
 A - a scroll of noise {unknown}
 D - 5 scrolls of remove curse
Potions
 i - a potion of heal wounds {unknown}
 j - a potion of berserk rage
 m - a potion of resistance
 n - 3 potions of degeneration {unknown}
 q - 6 potions of might
 s - 2 potions of haste
 B - 2 potions of brilliance {unknown}
 C - 2 potions of flight {unknown}
 J - a potion of lignification {unknown}
Books
 b - a book of Debilitation

   Spells                             Type                      Level
   a - Corona                         Hexes                        1
   b - Slow                           Hexes                        2
   c - Inner Flame                    Hexes/Fire                   3
   d - Portal Projectile              Hexes/Translocation          3
   e - Cause Fear                     Hexes                        4
   f - Leda's Liquefaction            Hexes/Earth                  4
 G - a book of Minor Magic

   Spells                             Type                      Level
   a - Magic Dart                     Conjuration                  1
   b - Blink                          Translocation                2
   c - Call Imp                       Summoning                    2
   d - Slow                           Hexes                        2
   e - Conjure Flame                  Conjuration/Fire             3
   f - Mephitic Cloud                 Conjuration/Poison/Air       3
Comestibles
 f - 9 rations


   Skills:
 + Level 9.1 Fighting
 * Level 11.7 Staves
 - Level 1.7 Throwing
 * Level 4.9 Armour
 - Level 2.6 Dodging
 + Level 9.7 Invocations


You had 10 spell levels left.
You didn't know any spells.

Dungeon Overview and Level Annotations

Branches:
Dungeon (12/15)            Temple (1/1) D:7            Lair (0/6) D:8
    Orc (0/2) D:9

Altars:
Ashenzari
Cheibriados
Dithmenos
Elyvilon
Fedhas
Gozag
Hepliaklqana
Kikubaaqudgha
Makhleb
Nemelex Xobeh
Okawaru
Qazlal
Ru
Sif Muna
Trog
Uskayaw
Vehumet
Wu Jian
Xom
Yredelemnul
Zin
The Shining One

Shops:
D:5 [   D:6 }%**%   D:9 *

Portals:
Trove: D:11 (give +6 demon whip)

Annotations:
D:8 2 transporters
D:12 Erolcha


Innate Abilities, Weirdness & Mutations

You are partially covered in thin metallic scales. (AC +2)
You regenerate a little health from kills.
You are mostly covered in sharp spines.


Message History

The apocalypse crab barely misses you.
You draw life from your surroundings.
You feel somewhat more hungry.
The apocalypse crab bites you but does no damage.
The apocalypse crab claws you but does no damage.
A neqoxec comes into view.
You draw life from your surroundings.
You feel somewhat more hungry.
The neqoxec shouts!
The apocalypse crab bites you but does no damage.
The apocalypse crab claws you.
* * * LOW HITPOINT WARNING * * *
The apocalypse crab draws strength from your injuries!
Unknown command.
Okay, then.
You feel better. The apocalypse crab bites you!
* * * LOW HITPOINT WARNING * * *
The apocalypse crab claws you.
You die...
Your body rises from the dead as a mindless zombie.

.. ........
#..#.#....#
#.#......#
.###..#.∩..##
............ .
..........###...
..[.....t......
#...@.......
#............
#............
..............#
###.........#..
......3.......
...............
##.......#.....


You could see an apocalypse crab and a neqoxec.

Vanquished Creatures
  A two-headed ogre (D:9)
  An ugly thing (D:11)
  Prince Ribbit (D:8)
  2 hornets
  A hippogriff (D:10)
  5 yaks (D:9)
  A water moccasin (D:10)
  5 orc warriors
  3 phantoms
  3 black bears
  6 sky beasts
  A necrophage (D:11)
  4 ice beasts
  4 ogres
  6 centaurs
  3 bullfrogs
  8 wights
  7 killer bees
  3 crimson imps
  A quasit (D:9)
  4 bullfrog zombies
  4 hounds
  5 orc priests
  A centaur zombie (D:8)
  3 jellies
  3 centaur skeletons
  4 bullfrog skeletons
  Ijyb (D:3)
  2 iguanas
  11 orc wizards
  8 worker ants
  A hound skeleton (D:6)
  A worker ant zombie (D:11)
  10 adders
  5 shadow imps
  An ooze (D:5)
  An adder zombie (D:6)
  2 worms
  An adder skeleton (D:9)
  6 dart slugs
  4 leopard geckos
  31 orcs
  A ball python (D:1)
  5 bats
  4 giant cockroaches
  8 goblins
  6 hobgoblins
  7 jackals
  5 quokkas
  4 frilled lizards
  10 kobolds
  A leopard gecko zombie (D:8)
  5 rats
231 creatures vanquished.

Vanquished Creatures (collateral kills)
  2 two-headed ogres
  Maurice (D:12)
  2 trolls (D:12)
  2 hornets (D:11)
  A hippogriff (D:11)
  A yak (D:9)
  An orc warrior (D:9)
  An ice beast (D:11)
  A black bear (D:11)
  A bullfrog (D:8)
  2 wights (D:11)
  2 crimson imps (D:11)
  A quasit (D:11)
  A jelly (D:8)
  An orc priest (D:9)
  An orc wizard (D:9)
  A worker ant (D:11)
  An adder (D:10)
  7 orcs
30 creatures vanquished.

Vanquished Creatures (others)
  2 flying skulls (D:12)
  A troll zombie (D:12)
  2 yak zombies (D:9)
  2 centaur zombies
  2 bullfrog zombies (D:8)
  An ogre zombie (D:8)
  2 hound zombies
  An orc skeleton (D:8)
  A jackal zombie (D:8)
  A kobold zombie (D:8)
  A leopard gecko zombie (D:9)
  11 orc zombies
27 creatures vanquished.

Grand Total: 288 creatures vanquished

Notes
Turn   | Place    | Note
-------+----------+-------------------------------------------
     0 | D:1      | vatarom the Demonspawn Gladiator began the quest for the Orb.
     0 | D:1      | Reached XP level 1. HP: 16/16 MP: 1/1
   127 | D:1      | Reached skill level 3 in Staves
   218 | D:1      | Gained mutation: You regenerate a little health from kills. [demonic ancestry]
   218 | D:1      | Reached XP level 2. HP: 22/22 MP: 2/2
   787 | D:2      | Gained mutation: You are partially covered in thin metallic scales. (AC +2) [demonic ancestry]
   787 | D:2      | Reached XP level 3. HP: 28/28 MP: 3/3
  1521 | D:3      | Found a shattered altar of Ashenzari.
  1665 | D:3      | Noticed Ijyb
  1678 | D:3      | Killed Ijyb
  1678 | D:3      | Reached skill level 4 in Staves
  1678 | D:3      | Reached XP level 4. HP: 35/35 MP: 4/4
  2042 | D:3      | Found a sparkling altar of Nemelex Xobeh.
  2424 | D:4      | Noticed a bullfrog
  2432 | D:4      | Killed a bullfrog
  2432 | D:4      | Gained mutation: You are partially covered in sharp spines. [demonic ancestry]
  2432 | D:4      | Reached XP level 5. HP: 31/41 MP: 5/5
  2456 | D:4      | Found Zin's Purification Station.
  2463 | D:4      | Reached skill level 5 in Staves
  2473 | D:4      | Found a glowing silver altar of Zin.
  2476 | D:4      | Bought a potion of curing for 90 gold pieces
  2529 | D:4      | Got a twisted robe
  2536 | D:4      | Identified the +2 robe of the Beginning {rPois} (You found it on level 4 of the Dungeon)
  2549 | D:4      | Noticed an ogre
  2560 | D:4      | Killed an ogre
  2560 | D:4      | Reached XP level 6. HP: 30/48 MP: 6/6
  2708 | D:4      | Reached skill level 6 in Staves
  2713 | D:4      | You fall through a shaft for 3 floors!
  2719 | D:7      | Found a staircase to the Ecumenical Temple.
  2736 | D:7      | Noticed an ice beast
  2741 | Temple   | Entered the Ecumenical Temple
  2770 | Temple   | Became a worshipper of Yredelemnul the Dark
  2852 | D:7      | Killed an ice beast
  2852 | D:7      | Reached XP level 7. HP: 20/55 MP: 7/7
  3326 | D:6      | Found Zifo's Assorted Antiques.
  3335 | D:6      | Bought a potion of curing for 84 gold pieces
  3380 | D:6      | Reached skill level 5 in Fighting
  3400 | D:5      | Entered Level 5 of the Dungeon
  3486 | D:5      | Found Werhag Rien's Antique Armour Boutique.
  3511 | D:5      | Reached skill level 7 in Staves
  3533 | D:5      | Found a sacrificial altar of Ru.
  3594 | D:4      | Found a snail-covered altar of Cheibriados.
  3691 | D:4      | Reached skill level 1 in Invocations
  4159 | D:5      | Reached XP level 8. HP: 55/63 MP: 9/9
  4398 | D:5      | Found an iron altar of Okawaru.
  4482 | D:5      | Reached * piety under Yredelemnul
  4875 | D:6      | Found Favvexawoi's Food Boutique.
  4922 | D:6      | Found Onkudam's Assorted Antiques.
  5106 | D:6      | Found Ukke's Food Boutique.
  5121 | D:6      | Found Ruattil's Gadget Boutique.
  5146 | D:6      | Reached skill level 8 in Staves
  5572 | D:7      | Found a shadowy altar of Dithmenos.
  5827 | D:7      | Found an ancient bone altar of Kikubaaqudgha.
  6043 | D:7      | Reached skill level 5 in Invocations
  6048 | D:7      | Gained mutation: You are mostly covered in sharp spines. [demonic ancestry]
  6048 | D:7      | Reached XP level 9. HP: 31/71 MP: 12/12
  6501 | D:8      | Reached skill level 9 in Staves
  6527 | D:8      | Reached ** piety under Yredelemnul
  6652 | D:8      | Found a staircase to the Lair.
  6863 | D:8      | Found a deep blue altar of Sif Muna.
  6904 | D:8      | Noticed a troll
  6904 | D:8      | Found a transporter.
  6914 | D:8      | Found a transporter.
  7189 | D:8      | Reached skill level 10 in Staves
  7228 | D:8      | Found a bloodstained altar of Trog.
  7287 | D:8      | Reached *** piety under Yredelemnul
  7472 | D:8      | Noticed Prince Ribbit
  7479 | D:8      | Killed Prince Ribbit
  7479 | D:8      | Reached XP level 10. HP: 56/80 MP: 15/15
  7583 | D:8      | Found a shimmering altar of Xom.
  7739 | D:9      | Noticed a two-headed ogre
  7743 | D:9      | Killed a two-headed ogre
  7857 | D:9      | Found a sacrificial altar of Ru.
  7897 | D:9      | Paralysed by a hornet for 2 turns
  7941 | D:9      | Got a shimmering chain mail
  7952 | D:9      | Identified the +4 chain mail of Past Mistakes {rPois} (You found it on level 9 of the Dungeon)
  8008 | D:9      | Found Ficullol's Assorted Antiques.
  8061 | D:9      | Reached skill level 1 in Armour
  8139 | D:9      | Reached skill level 11 in Staves
  8184 | D:9      | Found a staircase to the Orcish Mines.
  8274 | D:9      | Found a hide-covered altar of Uskayaw.
  8495 | D:10     | Entered Level 10 of the Dungeon
  8881 | D:10     | Received a gift from Yredelemnul (5 flying skulls)
  8917 | D:10     | Noticed a two-headed ogre
  8927 | D:10     | Killed a two-headed ogre
  9104 | D:11     | Reached XP level 11. HP: 87/87 MP: 14/17
  9304 | D:11     | Found a portal to a secret trove of treasure.
  9404 | D:11     | Noticed a two-headed ogre
  9413 | D:11     | Killed a two-headed ogre
  9547 | D:11     | Reached **** piety under Yredelemnul
  9614 | D:11     | Found a hazy altar of Hepliaklqana.
  9670 | D:11     | Noticed a green ugly thing
  9684 | D:11     | Killed a green ugly thing
 10138 | D:11     | Received a gift from Yredelemnul (3 flying skulls)
 10268 | D:12     | Noticed Maurice
 10272 | D:12     | Paralysed by Maurice for 7 turns
 10286 | D:12     | Killed Maurice
 10363 | D:12     | Noticed Erolcha
 10380 | D:12     | Cast into level 2 of the Abyss (Erolcha)
 10421 | Abyss:2  | HP: 3/89 [apocalypse crab (16)]
 10425 | Abyss:2  | Slain by an apocalypse crab

Skill      XL: |  1  2  3  4  5  6  7  8  9 10 11 |
---------------+----------------------------------+-----
Staves         | 3 4 5 6 7 8 10 11 | 11.7
Fighting       | 3 4 5 6 7 8 9 |  9.1
Invocations    | 2 5 7 9 |  9.7
Armour         | 3 4 |  4.9
Throwing       | |  1.7
Dodging        | |  2.6

Action                   |  1- 3 |  4- 6 |  7- 9 | 10-12 || total
-------------------------+-------+-------+-------+-------++-------
Melee: Quarterstaff      |   136 |    90 |   332 |   239 ||   797
Throw: Throwing net      |       |     6 |     3 |       ||     9
Invok: Animate Remains   |       |       |    15 |     3 ||    18
       Recall Undead Sla |       |       |     2 |     6 ||     8
       Animate Dead      |       |       |     1 |    24 ||    25
       Injury Mirror     |       |       |       |     1 ||     1
       Drain Life        |       |       |       |     3 ||     3
Evoke: Wand              |       |       |     6 |    13 ||    19
  Use: Scroll            |       |     4 |     7 |     2 ||    13
       Potion            |       |     2 |     3 |     1 ||     6
 Stab: Sleeping          |     2 |       |       |       ||     2
       Held in net/web   |       |     2 |     2 |       ||     4
       Distracted        |       |       |     1 |     2 ||     3
  Eat: Chunk             |     2 |     4 |     6 |     1 ||    13
       Ration            |       |       |     5 |     5 ||    10
Armor: Leather armour    |    50 |    21 |   102 |     7 ||   180
       Chain mail        |       |       |       |   156 ||   156
Dodge: Dodged            |    74 |    53 |   175 |   112 ||   414
